cohdb
Replays
Latest Replays
All Replays
Popular Replays
Top Player Replays
Match Explorer
How It Works
Community
CoH3 Stats
Reddit
Sign in to upload your games and track your stats! →
Sign in with Steam
Match 43580303
Unlisted
Match 43580303
Overview
Messages
Build Orders
End
Construct Barracks
Engineer Squad
Construct Weapon Support Center
Selects Heavy Weapons
M1919 Machine Gun Team
Bazooka Squad
Engineer Squad
Mechanized Support Center
M1919 Machine Gun Team
M3 Armored Personnel Carrier
Selects Assault Carriers
Salvage Crew
Dahlian
Bish Bash Bosh
Dimitrie 5645
Oblivion
0
0
Comments
sign in to comment!
No comments posted yet!